 Dungeon Crawl Stone Soup version 0.17-a0-2002-g92c7e20 (webtiles) character file.

2650 graki42 the Thaumaturge (level 9, -7/50 HPs)
             Began as a Deep Elf Fire Elementalist on Oct 8, 2015.
             Was a Follower of Vehumet.
             Shot with a poisoned sling bullet by Joseph (12 damage)
             ... on level 8 of the Dungeon.
             The game lasted 00:41:45 (7527 turns).

graki42 the Thaumaturge (DEFE)                      Turns: 7527, Time: 00:41:45

Health: -7/50      AC:  9    Str:  8    XL:     9   Next: 36%
Magic:  25/25      EV: 15    Int: 21    God:    Vehumet [*.....]
Gold:   387        SH:  0    Dex: 15    Spells: 5 memorised, 12 levels left

rFire  . . .     SeeInvis .     A - +3 rapier (venom)
rCold  . . .     Clarity  .     S - +1 robe {rN+}
rNeg   + + .     SustAt   .     (no shield)
rPois  .         Gourm    .     q - +0 helmet
rElec  .         Spirit   .     o - +0 cloak
rCorr  .         Warding  +     B - +2 pair of gloves
rMut   .         Stasis   .     G - +0 pair of boots
MR     +....                    t - amulet of warding
Stlth  +++.......               (no ring)
                                (no ring)

@: lethally poisoned (-7 -> -8), very slightly contaminated, somewhat resistant
to hostile enchantments, fairly stealthy
A: deterioration 1, magic resistance 1, robust 1, spit poison 1, MP-powered
wands
a: Spit Poison, Renounce Religion


You were on level 8 of the Dungeon.
You worshipped Vehumet.
Vehumet was aware of your devotion.
You were hungry.

You visited 2 branches of the dungeon, and saw 10 of its levels.

You collected 387 gold pieces.

Inventory:

Hand Weapons
 A - a +3 rapier of venom (weapon)
Missiles
 F - a throwing net (quivered)
Armour
 o - a +0 cloak (worn)
 q - a +0 helmet (worn)
 B - a +2 pair of gloves (worn)
 D - a +0 robe
 G - a +0 pair of boots (worn)
 O - the +1 leather armour "Hero's Friend" {+Inv rF+++ rC- MR-}
   (You found it on level 7 of the Dungeon)

   It renders you almost immune to fire.
   It makes you vulnerable to cold.
   It affects your resistance to hostile enchantments.
   It lets you turn invisible.
 S - a +1 robe of positive energy (worn)
Jewellery
 e - an uncursed amulet of stasis
 t - an amulet of warding (around neck)
Wands
 j - a wand of teleportation (7)
 k - a wand of confusion (18)
 w - a wand of draining (11)
 C - a wand of fireball (10)
 L - a wand of fireball (5)
Scrolls
 a - 2 scrolls of fear
 d - 4 scrolls of recharging
 g - a scroll of magic mapping {unknown}
 i - 3 scrolls of teleportation
 n - a scroll of blinking
 p - 2 scrolls of remove curse
 y - 2 scrolls of random uselessness {unknown}
 E - a scroll of enchant armour {unknown}
 H - a scroll of enchant weapon
 I - a scroll of vulnerability {unknown}
 K - a scroll of fog {unknown}
 P - 4 scrolls of identify
 Q - a scroll of immolation {unknown}
Potions
 f - 4 potions of agility
 m - 3 potions of poison {unknown}
 r - a potion of lignification
 s - a potion of brilliance
 x - 2 potions of curing {unknown}
 z - 2 potions of might {unknown}
 M - a potion of mutation {unknown}
Books
 b - a book of Flames

   Spells                             Type                      Level
   a - Flame Tongue                   Conjuration/Fire             1
   b - Throw Flame                    Conjuration/Fire             2
   c - Conjure Flame                  Conjuration/Fire             3
   d - Inner Flame                    Hexes/Fire                   3
   e - Sticky Flame                   Conjuration/Fire             4
   f - Fireball                       Conjuration/Fire             5
 v - a book of Summonings

   Spells                             Type                      Level
   a - Recall                         Summoning/Translocation      3
   b - Aura of Abjuration             Summoning                    5
   c - Shadow Creatures               Summoning                    5
   d - Summon Demon                   Summoning                    5
   e - Summon Forest                  Summoning/Translocation      5
   f - Summon Mana Viper              Hexes/Summoning              5
 J - a Young Poisoner's Handbook

   Spells                             Type                      Level
   a - Sting                          Conjuration/Poison           1
   b - Cure Poison                    Poison                       2
   c - Mephitic Cloud                 Conjuration/Poison/Air       3
   d - Olgreb's Toxic Radiance        Poison                       4
   e - Venom Bolt                     Conjuration/Poison           5
Comestibles
 c - 5 bread rations
 l - 3 slices of pizza
 u - a royal jelly
 N - 2 meat rations


   Skills:
 + Level 0.7 Fighting
 + Level 1.2 Short Blades
 + Level 5.6 Dodging
 + Level 4.5 Stealth
 + Level 10.0 Spellcasting
 + Level 6.4 Conjurations
 + Level 0.3 Hexes
 + Level 8.0 Fire Magic


You had 12 spell levels left.
You knew the following spells:

 Your Spells              Type           Power        Failure   Level  Hunger
a - Flame Tongue          Conj/Fire      #####        1%          1    None
b - Conjure Flame         Conj/Fire      #####...     1%          3    None
c - Inner Flame           Hex/Fire       ####....     3%          3    None
d - Sticky Flame          Conj/Fire      #####...     3%          4    ##.....
e - Fireball              Conj/Fire      #####.....   12%         5    ####...


Dungeon Overview and Level Annotations

Branches:
Dungeon (9/15)             Temple (1/1) D:6
   Lair: D:8-11         Orc: D:9-12

Altars:
Ashenzari
Cheibriados
Dithmenos
Elyvilon
Fedhas
Gozag
Kikubaaqudgha
Makhleb
Nemelex Xobeh
Okawaru
Qazlal
Ru
Sif Muna
Trog
Vehumet
Xom
Yredelemnul
Zin
The Shining One

Shops:
D:5 =   D:8 *[(

Annotations:
D:8 Joseph


Innate Abilities, Weirdness & Mutations

Your body sometimes deteriorates upon taking damage.
You are resistant to hostile enchantments.
You are robust (+10% HP).
You can spit weak poison.
You expend magic power (3 MP) to strengthen your wands.


Message History

The floor.
Drink which item? (? for menu, Esc to quit)
You fade into invisibility!
You feel sick.
The phantom hits you but does no damage.
You feel sick.
Found Qaodetikh's Antique Armour Shop.
You feel sick.
You feel sick.
You feel sick.
Joseph zaps a wand.
The bolt of negative energy misses you.
You flicker for a moment.
Joseph shoots a poisoned sling bullet.
You are feeling hungry.
Joseph zaps a wand.
Joseph zaps a wand.
Nothing appears to happen.
You feel sick.
All of the chunks of flesh in your inventory have rotted away.
You flicker back into view.
Joseph shoots a poisoned sling bullet.
The poisoned sling bullet hits you!
You die...

#.....? .. ###......
.## #.§...... ♣..
###)#..∩.@. #...
##.[........ ∩♣.##
#.[.).......
....#####....#......
#.....#...##......
#@.........#####.#
#.....##.#.# #.#
#.>...####.. #.#
#.....# ### #.
#.....# #....(# ###
#.....# #..
###..@..# ##..#
#.......#


You could see Joseph.

Vanquished Creatures
  Psyche (D:8)
  Edmund (D:6)
  2 orc warriors
  4 sky beasts
  A centaur (D:6)
  4 ogres
  2 giant frogs
  A wyvern zombie (D:6)
  2 water moccasin skeletons (D:7)
  3 scorpions
  A giant frog zombie (D:4)
  A jelly (D:5)
  2 hounds (D:8)
  3 orc wizards (D:4)
  A giant frog skeleton (D:5)
  Crazy Yiuf (D:7)
  A gnoll shaman (D:5)
  An iguana (D:6)
  Ijyb (D:2)
  2 orc priests
  7 worker ants
  2 hound skeletons
  Robin (D:3)
  6 gnolls (D:5)
  3 adders
  A shadow imp (D:8)
  2 oozes (D:3)
  2 adder skeletons
  4 worms
  6 giant geckos
  21 orcs
  4 giant cockroaches
  14 goblins
  13 hobgoblins
  4 quokkas
  A ball python (D:3)
  7 bats
  8 giant newts
  7 kobolds
  A quokka skeleton (D:4)
  3 quokka zombies
  2 rats (D:3)
154 creatures vanquished.

Notes
Turn   | Place    | Note
--------------------------------------------------------------
     0 | D:1      | graki42 the Deep Elf Fire Elementalist began the quest for the Orb.
     0 | D:1      | Reached XP level 1. HP: 10/10 MP: 6/6
   306 | D:1      | Reached XP level 2. HP: 13/15 MP: 0/8
   712 | D:2      | Noticed Ijyb
   724 | D:2      | Killed Ijyb
   724 | D:2      | Reached skill level 4 in Fire Magic
   724 | D:2      | Reached XP level 3. HP: 19/19 MP: 1/9
   884 | D:2      | Learned a level 3 spell: Conjure Flame
   888 | D:2      | Learned a level 3 spell: Inner Flame
   917 | D:2      | Found a basalt altar of Yredelemnul.
   945 | D:2      | Found a shattered altar of Ashenzari.
  1233 | D:2      | Reached XP level 4. HP: 13/24 MP: 5/11
  1577 | D:3      | Noticed Robin
  2204 | D:3      | Killed Robin
  3100 | D:4      | Reached XP level 5. HP: 23/28 MP: 7/13
  3368 | D:4      | Found a snail-covered altar of Cheibriados.
  3381 | D:4      | Found a bloodstained altar of Trog.
  3384 | D:4      | Found a deep blue altar of Sif Muna.
  3515 | D:4      | Reached skill level 5 in Spellcasting
  3521 | D:4      | Learned a level 4 spell: Sticky Flame
  3588 | D:4      | Reached XP level 6. HP: 29/32 MP: 10/15
  3652 | D:4      | Reached skill level 5 in Fire Magic
  3749 | D:4      | Noticed an ogre
  3770 | D:4      | Killed an ogre
  3854 | D:4      | Noticed an ogre
  3865 | D:4      | Killed an ogre
  3865 | D:4      | Reached skill level 6 in Spellcasting
  4086 | D:4      | You fall through a shaft!
  4086 | D:5      | Entered Level 5 of the Dungeon
  4190 | D:5      | Reached XP level 7. HP: 36/36 MP: 3/18
  4206 | D:5      | Found a sparkling altar of Nemelex Xobeh.
  4615 | D:5      | Found Xushiqesch's Jewellery Shop.
  4723 | D:5      | Reached skill level 7 in Spellcasting
  4927 | D:5      | Gained mutation: You expend magic power (3 MP) to strengthen your wands. [mutagenic meat]
  4929 | D:5      | Gained mutation: You are robust (+10% HP). [mutagenic meat]
  4930 | D:5      | Gained mutation: You are resistant to hostile enchantments. [mutagenic meat]
  5089 | D:5      | Reached XP level 8. HP: 45/45 MP: 8/21
  5294 | D:6      | Learned a level 5 spell: Fireball
  5298 | D:6      | Reached skill level 8 in Spellcasting
  5298 | D:6      | Reached skill level 5 in Conjurations
  5417 | D:6      | Noticed Edmund
  5443 | D:6      | Killed Edmund
  5545 | D:6      | Found a white marble altar of Elyvilon.
  5711 | D:6      | Found a staircase to the Ecumenical Temple.
  5758 | D:7      | Noticed Joseph
  6143 | D:6      | Reached skill level 9 in Spellcasting
  6147 | D:6      | Gained mutation: Your body sometimes deteriorates upon taking damage. [mutagenic meat]
  6148 | D:6      | Gained mutation: You can spit weak poison. [mutagenic meat]
  6307 | D:7      | Reached skill level 5 in Dodging
  6378 | Temple   | Entered the Ecumenical Temple
  6432 | Temple   | Became a worshipper of Vehumet
  6801 | D:7      | Got a bloodstained leather armour
  6848 | D:7      | Reached XP level 9. HP: 50/50 MP: 17/24
  7016 | D:7      | Noticed Crazy Yiuf
  7021 | D:7      | Killed Crazy Yiuf
  7255 | D:8      | Found Umupygg's Antique Weapon Shoppe.
  7256 | D:8      | Reached skill level 1 in Short Blades
  7280 | D:8      | Noticed Psyche
  7295 | D:8      | Killed Psyche
  7295 | D:8      | Reached skill level 10 in Spellcasting
  7299 | D:8      | Acquired Vehumet's first power
  7299 | D:8      | Offered knowledge of Sandblast by Vehumet.
  7363 | D:8      | Identified the +1 leather armour "Hero's Friend" {+Inv rF+++ rC- MR-} (You found it on level 7 of the Dungeon)
  7491 | D:8      | Found Ijuxef's Assorted Antiques.
  7511 | D:8      | Found Qaodetikh's Antique Armour Shop.
  7527 | D:8      | Shot with a poisoned sling bullet by Joseph

Vault maps used:
D:1:      co_arrival_square_in_a_square_in_a_square, feat_on_display
D:2:      grunt_temple_overflow_open, uniq_iyjb
D:3:      wad_rectangle_vault, uniq_robin
D:4:      minmay_overflow_temple_star_quad, first_bread,
          hangedman_abyss_or_decor_lesser_grid
D:5:      lemuel_crystal_altar, serial_shops, kennysheep_little_box,
          minmay_misc_feat_columns, zaba_anthole, serial_bayou_ford_a
D:6:      lemuel_round_altar, minmay_temple_entry_from_below_a, uniq_edmund
D:7:      uniq_joseph, uniq_crazy_yiuf_cottage
D:8:      serial_shops, shop, nicolae_shop_trees, nicolae_shop_trees, shop,
          uniq_psyche
D:9:      serial_shops, shop_fountains, uniq_maurice
Temple:   circular_temple_pool_12

Action                   |  1- 3 |  4- 6 |  7- 9 || total
-------------------------+-------+-------+-------++-------
Melee: Unarmed           |     4 |     7 |       ||    11
       Rapier            |       |       |    17 ||    17
 Cast: Flame Tongue      |    57 |   147 |   150 ||   354
       Inner Flame       |       |     3 |     3 ||     6
       Conjure Flame     |       |     5 |    11 ||    16
       Sticky Flame      |       |       |    16 ||    16
       Fireball          |       |       |     2 ||     2
Evoke: Wand              |       |     1 |       ||     1
  Use: Scroll            |       |     8 |     4 ||    12
       Potion            |       |       |     3 ||     3
 Stab: Sleeping          |       |       |     4 ||     4
  Eat: Chunk             |       |     9 |    18 ||    27
       Beef jerky        |       |       |     1 ||     1
